 Dungeon Crawl Stone Soup version 0.28.0-53-g5a82cb258f (webtiles) character file.

Game seed: 15998567902219754157

1383 Stomo the Cudgeller (level 8, -1/81 HPs)
             Began as a Troll Fighter on July 15, 2022.
             Succumbed to a water moccasin's poison
             ... on level 5 of the Dungeon.
             The game lasted 00:07:33 (3978 turns).

Stomo the Cudgeller (Troll Fighter)                 Turns: 3978, Time: 00:07:33

Health: -1/81      AC:  5    Str: 26 (27) XL:     8   Next: 40%
Magic:  7/7        EV: 10    Int:  1 (4)  God:
Gold:   229        SH:  0    Dex:  6 (9)  Spells: 7/7 levels left

rFire   . . .      SeeInvis .   p - +0 giant spiked club
rCold   . . .      Faith    .   (shield currently unavailable)
rNeg    + . .      Spirit   .   b - +1 robe
rPois   .          Reflect  .   (helmet restricted)
rElec   .          Harm     .   m - scarf {+Inv}
rCorr   .          Rampage  .   (gloves unavailable)
Will    .....                   (boots unavailable)
Stlth   +.........              j - amulet of the acrobat
HPRegen 1.03/turn               f - ring of positive energy
MPRegen 0.10/turn               u - ring of flight

@: lethally poisoned (-1 -> -5), flying
A: large, unfitting armour, claws 3, regeneration 1, shaggy fur 1, tough skin 1
a: Evoke Invisibility


You were on level 5 of the Dungeon.
You visited 1 branch of the dungeon, and saw 5 of its levels.

You collected 229 gold pieces.

Inventory:

Hand Weapons
 a - a +0 flail
 g - a +5 flail
 h - a +0 whip of electrocution
 n - a +1 whip of freezing
 p - a +0 giant spiked club (weapon)
Armour
 b - a +1 robe (worn)
 c - a +0 kite shield
 m - a scarf of invisibility (worn)
Jewellery
 f - a ring of positive energy (left claw)
 i - a ring of positive energy
 j - an amulet of the acrobat (around neck)
 u - a ring of flight (right claw)
 z - a ring of ice
Wands
 A - a wand of flame (17)
 B - a wand of polymorph (6)
Scrolls
 k - 2 scrolls of identify
 r - a scroll of fog {unknown}
Potions
 d - a potion of might
 l - 2 potions of haste
 o - a potion of degeneration
 q - a potion of lignification {unknown}
 t - 2 potions of heal wounds {unknown}
 v - 3 potions of curing {unknown}
 w - 2 potions of cancellation {unknown}
 x - 2 potions of mutation {unknown}


   Skills:
 + Level 5.5 Fighting
 + Level 5.7 Maces & Flails
 + Level 5.5 Dodging
 - Level 2.4 Shields


You had 7 spell levels left.
You didn't know any spells.
Your spell library contained the following spells:

 Spells                   Type           Power      Damage    Failure   Level
 Frozen Ramparts          Ice            0%         1d2       91%         3
 Ice Form                 Ice/Tmut       0%         N/A       100%        4
 Summon Ice Beast         Ice/Summ       0%         N/A       100%        4


Dungeon Overview and Level Annotations

Branches:
Dungeon (5/15)
 Temple: D:4-7

Altars:
Cheibriados
Kikubaaqudgha

Shops:
D:2 ?[(   D:4 ?


Innate Abilities, Weirdness & Mutations

You are too large for most types of armour.
You have claws for hands.
Your natural rate of healing is unusually fast.
You are covered in fur. (AC +1)
You have tough skin. (AC +1)


Message History

You miss the water moccasin.
You feel very sick. The water moccasin bites you!
The water moccasin barely misses you.
You barely miss the water moccasin.
You feel very sick. The water moccasin bites you. The water moccasin bites you!
You are more poisoned.
The water moccasin poisons you! The water moccasin misses you.
You feel very sick.
You feel very sick.
You feel very sick.
The water moccasin completely misses you.
You feel sick.
You feel sick.
The water moccasin completely misses you.
You feel sick.
You feel sick.
The water moccasin completely misses you.
You feel sick.
Blink to where?
Press: ? - help, Dir - move target
Okay, then.
Okay, then.
You closely miss the water moccasin.
You feel sick. The water moccasin bites you.
* * * LOW HITPOINT WARNING * * *
You are more poisoned.
The water moccasin poisons you! The water moccasin bites you.
* * * LOW HITPOINT WARNING * * *
Blink to where?
Press: ? - help, Dir - move target
As you read the scroll of blinking, it crumbles to dust.
* * * LOW HITPOINT WARNING * * *
You feel very sick.
* * * LOW HITPOINT WARNING * * *
You feel very sick.
It was a potion of degeneration.
There was something very wrong with that liquid.
You feel weakened.
You feel dopey.
You feel clumsy.
You die...

##.....#..# #..# ##
##.o.##...## #..# ##.
#).#####...####..####..
#....## ##...............
##..## #..#.....###..#..
##. ##.##.....# ##.... #.#
#..##S...#####...#
###..####................#
#......#)@..........#.....
####.<####.....######.#.
#.....# ##...## #.###
##.#.#.#####.#.# ##.#
#..............#####.##
#..##..##..##....##..# #
#.# ##....####.......####
##. ##..## ##.#####.....
.... #..# ##..# ##....


You could see a water moccasin.

Vanquished Creatures
  Pikel (D:4)
  Eustachio (D:5)
  An orc warrior (D:4)
  An ogre (D:5)
  A scorpion (D:5)
  A water moccasin skeleton (D:3)
  A hound (D:5)
  A jelly (D:5)
  An orc priest (D:5)
  A gnoll shaman (D:4)
  Natasha (thrice) (D:3)
  Ijyb (D:5)
  An iguana (D:4)
  2 orc wizards
  A hound zombie (D:5)
  7 gnolls
  5 adders
  An ufetubus (D:4)
  A worm (D:2)
  8 orcs
  8 endoplasms
  2 giant cockroaches (D:1)
  7 goblins
  6 hobgoblins
  3 jackals (D:1)
  4 quokkas
  6 ball pythons
  4 bats
  A frilled lizard (D:3)
  5 kobolds
  6 rats
92 creatures vanquished.

Notes
Turn   | Place    | Note
-------+----------+-------------------------------------------
     0 | D:1      | Stomo the Troll Fighter began the quest for the Orb.
     0 | D:1      | Reached XP level 1. HP: 22/22 MP: 0/0
   157 | D:1      | Reached XP level 2. HP: 26/29 MP: 1/1
   763 | D:2      | Found a snail-covered altar of Cheibriados.
   870 | D:2      | Found Keasupt's Antique Armour Boutique.
   874 | D:2      | Reached XP level 3. HP: 33/36 MP: 2/2
  1235 | D:2      | Found Pokluw's Magic Scroll Shoppe.
  1469 | D:2      | Found Ytreitop's Antique Weapon Shoppe.
  1548 | D:3      | Reached XP level 4. HP: 25/45 MP: 3/3
  1764 | D:3      | Found an ancient bone altar of Kikubaaqudgha.
  1861 | D:3      | Noticed Natasha
  1869 | D:3      | Killed Natasha
  1870 | D:3      | Reached XP level 5. HP: 53/53 MP: 4/4
  1894 | D:3      | Noticed Natasha
  1900 | D:3      | Killed Natasha
  2145 | D:3      | Noticed Natasha
  2152 | D:3      | Killed Natasha
  2153 | D:3      | Reached XP level 6. HP: 33/62 MP: 5/5
  2239 | D:4      | Found Tefrux's Magic Scroll Emporium.
  2444 | D:4      | Identified the +0 ring mail "Ineu" {Rampage Fly rF- rCorr}
  2564 | D:5      | Entered Level 5 of the Dungeon
  2633 | D:5      | Noticed Ijyb
  2669 | D:5      | Killed Ijyb
  2707 | D:5      | Noticed Pikel
  2884 | D:4      | Killed Pikel
  2885 | D:4      | Reached XP level 7. HP: 37/71 MP: 6/6
  3023 | D:4      | Reached skill level 5 in Maces & Flails
  3035 | D:5      | Reached skill level 5 in Fighting
  3063 | D:5      | Reached skill level 5 in Dodging
  3063 | D:5      | Reached XP level 8. HP: 56/80 MP: 7/7
  3163 | D:5      | Noticed Eustachio
  3183 | D:5      | Killed Eustachio
  3976 | D:5      | HP: 3/81 [poisoned by a water moccasin]
  3977 | D:5      | HP: 1/81 [poisoned by a water moccasin]
  3978 | D:5      | Succumbed to a water moccasin's poison

Illustrated notes

Levels and vault maps discovered:
D:1:      dpeg_arrival_oval, layout_loops_ring, minmay_misc_feat_chi,
          st_stairs_14, grunt_decor_one_mirror
D:2:      layout_basic, basic_altar, serial_shops, nicolae_square_shop,
          nicolae_shop_behind_doors, nicolae_diamond_shop,
          corexii_item_surrounded_by_moat, minmay_misc_feat_secret_circle
D:3:      layout_rooms, lemuel_crystal_altar, uniq_natasha
D:4:      layout_rooms, serial_shops, nicolae_take_the_stairs
D:5:      layout_layer_cave, palyth_stone_intersect, amethyst_killhole,
          uniq_pikel, uniq_eustachio, uniq_ijyb

Skill      XL: |  1  2  3  4  5  6  7 |
---------------+----------------------+-----
Maces & Flails | 2 3 4 5 |  5.7
Fighting       | 3 4 5 |  5.5
Dodging        | 3 4 5 |  5.5
Shields        | |  2.4

Action                   |  1- 3 |  4- 6 |  7- 9 || total
-------------------------+-------+-------+-------++-------
Melee: Flail             |    95 |   122 |    28 ||   245
       Unarmed           |       |     7 |       ||     7
       Giant spiked club |       |       |   100 ||   100
  Use: Scroll            |       |     8 |     1 ||     9
       Potion            |       |       |     1 ||     1
 Stab: Sleeping          |       |     1 |       ||     1
       Confused          |       |     1 |       ||     1
Armor: Robe              |    46 |    21 |    35 ||   102
       Skin              |       |     4 |       ||     4
Dodge: Dodged            |    34 |    76 |   106 ||   216
Block: Kite shield       |    28 |    56 |     6 ||    90
